 Dungeon Crawl Stone Soup version 0.27.0-1-g7a089689b8 (webtiles) character file.

Game seed: 9707124432247439682

6 MajorAdolf the Magician (level 1, -2/19 HPs)
             Began as a Naga Wanderer on Aug 13, 2021.
             Slain by a goblin (3 damage)
             ... on level 1 of the Dungeon.
             The game lasted 00:00:47 (43 turns).

MajorAdolf the Magician (Naga Wanderer)               Turns: 43, Time: 00:00:47

Health: -2/19      AC:  1    Str: 14    XL:     1   Next: 90%
Magic:  0/4        EV:  9    Int: 11    God:
Gold:   0          SH:  0    Dex: 11    Spells: 5/6 levels left

rFire    . . .     SeeInvis +   a - +2 dagger
rCold    . . .     Faith    .   (no shield)
rNeg     . . .     Spirit   .   d - +0 robe
rPois    +         Reflect  .   (no helmet)
rElec    .         Harm     .   (no cloak)
rCorr    .         Rampage  .   (no gloves)
Will     .....                  (no barding)
Stlth    ++........             (no amulet)
HPRegen  0.06/turn              (no ring)
MPRegen  0.09/turn              (no ring)

@: short of breath, very slow
A: AC +0, large, see invisible, deformed body, poison resistance, slowness 2,
spit poison 1, naga tail 1
a: Spit Poison


You were on level 1 of the Dungeon.
You visited 1 branch of the dungeon, and saw 1 of its levels.

Inventory:

Hand Weapons
 a - a +2 dagger (weapon)
 c - a +0 hand axe
Missiles
 b - 2 curare-tipped darts
Armour
 d - a +0 robe (worn)


   Skills:
 - Level 2.0 Fighting
 - Level 1.0 Axes
 - Level 1.0 Throwing
 - Level 1.5 Stealth
 + Level 0.4 Unarmed Combat
 + Level 3.0 Spellcasting
 - Level 2.0 Necromancy
 + Level 0.5 Transmutations
 + Level 0.7 Poison Magic


You had 5 spell levels left.
You knew the following spells:

 Your Spells              Type           Power      Damage    Failure   Level
a - Sting                 Tmut/Pois      12%        1d3       21%         1

Your spell library contained the following spells:

 Spells                   Type           Power      Damage    Failure   Level
 Spider Form              Tmut/Pois      1%         N/A       52%         3


Dungeon Overview and Level Annotations

Branches:
Dungeon (1/15)

Altars:


Innate Abilities, Weirdness & Mutations

Your serpentine skin is tough. (AC +0)
You have supernaturally acute eyesight. (SInv)
Armour fits poorly on your strangely shaped body.
Your system is resistant to poisons. (rPois)
You cover ground very slowly.
You can spit poison.
You have a snake-like lower body.


Message History

The dart slug launches a dart at you. The slug dart hits you.
* * * LOW HITPOINT WARNING * * *
You kill the dart slug!
The bat hits you but does no damage.
Things that are here:
a +0 short sword; a stone The bat barely misses you.
You see here a dart slug corpse.
Unknown command.
Things that are here:
a +0 short sword; a stone The goblin hits you but does no damage.
Your magical contamination has completely faded away.
Press: ? - help, Shift-Dir - straight line, f - goblin
Aim: a goblin, wielding a +0 club The splash of poison misses the goblin.
The splash of poison hits the bat.
The bat is poisoned.
You kill the bat!
The goblin hits you with a +0 club.
* * * LOW HITPOINT WARNING * * *
The goblin hits you with a +0 club.
* * * LOW HITPOINT WARNING * * *
You have got your breath back.
Press: ? - help, Shift-Dir - straight line, f/p - goblin
Aim: a goblin, wielding a +0 club The splash of poison misses the goblin.
The splash of poison hits the quokka.
The quokka is poisoned.
The quokka is almost dead.
The goblin barely misses you.
Unknown command.
Casting: Sting (safe; 21% risk of failure)
Confirm with . or Enter, or press ? or * to list all spells.
Aiming: Sting (safe; 21% risk of failure)
Press: ? - help, Shift-Dir - straight line, f/p - goblin
Aim: a goblin, wielding a +0 club (55% to hit)
The sting hits the goblin.
The goblin is poisoned.
The goblin is moderately wounded.
The goblin hits you with a +0 club.
You die...

.≈# ≈≈≈ #.#.≈#####≈≈≈
#.#≈≈≈≈≈ ≈≈≈ ...≈≈###≈≈#
≈ #≈≈≈#>#≈≈##≈≈
.###########.≈≈#<#≈≈≈≈≈≈
.......@gr..≈≈≈#'#≈≈≈≈≈≈
###########.#.≈≈≈≈≈≈≈≈≈≈
#.#.≈....≈≈≈.≈
#)#.##.#######
#†#........#
########r####.###.##
#......#............#
#(.............#
....K.##...######...#


You could see a quokka (poisoned) and a goblin (poisoned).

Vanquished Creatures
  A dart slug (D:1)
  A giant cockroach (D:1)
  A bat (D:1)
  A goblin (D:1)
  A kobold (D:1)
5 creatures vanquished.

Notes
Turn   | Place    | Note
-------+----------+-------------------------------------------
     0 | D:1      | MajorAdolf the Naga Wanderer began the quest for the Orb.
     0 | D:1      | MajorAdolf set off with the following items: a +2 dagger, 3
                  | curare-tipped darts, a +0 hand axe, a +0 robe; and the
                  | following spell memorised: Sting; and the following spells
                  | available to memorise: Spider Form
     0 | D:1      | Reached XP level 1. HP: 19/19 MP: 4/4
    43 | D:1      | Slain by a goblin

Illustrated notes

Levels and vault maps discovered:
D:1:      minmay_arrival_floating_metal, layout_loops_ring

Action                   || total
-------------------------++-------
Melee: Dagger            ||     2
Throw: Dart              ||     1
 Cast: Sting             ||     4
 Abil: Spit Poison       ||     3
Armor: Robe              ||     2
Dodge: Dodged            ||     6
